 Dungeon Crawl Stone Soup version 0.28-a0-1365-g7e0445c96d (webtiles) character file.

Game seed: 6313535953135812562

394 ChaosChampion the Insei (level 6, 0/42 HPs)
             Began as an Octopode Transmuter on Dec 31, 2021.
             Slain by Crazy Yiuf (14 damage)
             ... on level 3 of the Dungeon.
             The game lasted 00:03:05 (2810 turns).

ChaosChampion the Insei (Octopode Transmuter)       Turns: 2810, Time: 00:03:05

Health: 0/42       AC:  2    Str:  9    XL:     6   Next: 81%
Magic:  4/9        EV: 20    Int: 18    God:
Gold:   67         SH:  0    Dex: 17    Spells: 3/9 levels left

rFire   . . .      SeeInvis .     - Unarmed
rCold   . . .      Faith    .   (shield currently unavailable)
rNeg    . . .      Spirit   .   (helmet currently unavailable)
rPois   x          Reflect  .   a - amulet of regeneration
rElec   .          Harm     .   (no ring)
rCorr   .          Rampage  .   (no ring)
Will    .....                   (no ring)
Stlth   ++........              (no ring)
HPRegen 0.94/turn               (no ring)
MPRegen 0.11/turn               (no ring)
                                (no ring)
                                (no ring)

@: spider-form, very slightly contaminated
A: venomous fangs, almost no armour, (amphibious), 8 rings, tiny, (camouflage
1), (gelatinous body 1), (nimble swimmer 1), (tentacles)
a: End Transformation


You were on level 3 of the Dungeon.
You were a venomous arachnid creature.
You visited 1 branch of the dungeon, and saw 3 of its levels.

You collected 67 gold pieces.

Inventory:

Missiles
 g - a throwing net
Jewellery
 a - an amulet of regeneration (around neck)
 e - a ring of positive energy
Scrolls
 b - 4 scrolls of identify {unknown}
 c - 3 scrolls of teleportation {unknown}
 d - a scroll of fog {unknown}
 f - a scroll of enchant armour {unknown}
 i - a scroll of summoning {unknown}
Potions
 h - a potion of curing {unknown}


   Skills:
 + Level 3.0 Fighting
 + Level 3.5 Dodging
 * Level 5.1 Unarmed Combat
 - Level 2.0 Spellcasting
 + Level 3.5 Transmutations


You had 3 spell levels left.
You knew the following spells:

 Your Spells              Type           Power      Damage    Failure   Level
a - Beastly Appendage     Tmut           28%        N/A       13%         1
b - Wereblood             Tmut           14%        N/A       17%         2
c - Spider Form           Tmut/Pois      8%         N/A       47%         3

Your spell library contained the following spells:

 Spells                   Type           Power      Damage    Failure   Level
 Apportation              Tloc           2%         N/A       38%         1
 Ice Form                 Ice/Tmut       8%         N/A       83%         4
 Alistair's Intoxication  Tmut/Pois      5%         N/A       98%         5


Dungeon Overview and Level Annotations

Branches:
Dungeon (3/15)

Altars:
Dithmenos
Kikubaaqudgha
Uskayaw
The Shining One

Shops:
D:1 !

Annotations:
D:3 Crazy Yiuf


Innate Abilities, Weirdness & Mutations

You are a venomous arachnid creature.
You have poisonous fangs.
You are tiny and dextrous.
Your spellcasting is less reliable in this form.
Your armour is entirely melded.
You are incapable of wielding weapons or throwing items.
You cannot wear most types of armour.
((You are amphibious.))
You can wear up to eight rings at the same time.
((Your skin changes colour to match your surroundings (Stealth+).))
((Your rubbery body absorbs attacks. (AC +1, EV +1)))
((You are camouflaged when in or above water. (Stealth+)))
((You have tentacles for arms and can constrict up to eight enemies at once.))


Message History

Things that are here:
a +2 short sword of draining; 5 stones You see here a +0 club.
You see here a +0 club.
Things that are here:
a +2 short sword of draining; 5 stones Key pressed, stopping explore.
No target in view!
No target in view!
No target in view!
No target in view!
Could not explore, unopened runed door.
Could not explore, unopened runed door.
Could not explore, unopened runed door.
Casting: Beastly Appendage (safe; 4% risk of failure)
Confirm with . or Enter, or press ? or * to list all spells.
The spell is quite dangerous to miscast (26% risk of failure)!
Continue anyway?
You turn into a venomous arachnid creature.
Crazy Yiuf shouts!
Casting: Spider Form (quite dangerous; 47% risk of failure)
Confirm with . or Enter, or press ? or * to list all spells.
You miscast Wereblood.
You are very lightly contaminated with residual magic.
Nothing appears to happen.
You open the door.
Crazy Yiuf drinks a potion.
Crazy Yiuf goes berserk!
Crazy Yiuf hits you with a +2 quarterstaff of chaos!
Crazy Yiuf freezes you.
There is an open translucent door here.
You hit Crazy Yiuf but do no damage.
Crazy Yiuf is poisoned.
Crazy Yiuf closely misses you.
You bite Crazy Yiuf!
Crazy Yiuf looks even sicker.
Crazy Yiuf is moderately wounded.
Crazy Yiuf hits you with a +2 quarterstaff of chaos!
Crazy Yiuf burns you. Crazy Yiuf barely misses you.
You are too injured to fight recklessly!
You are too injured to fight recklessly!
You hit Crazy Yiuf.
Crazy Yiuf is heavily wounded.
Crazy Yiuf hits you with a +2 quarterstaff of chaos!
You die...

....###.########.#.....#
.###.#.## #.####.## .#
##.## ### ### ## #.#
##.# ##### #..# #)..# #
#.## #...# # #.# #.g.# #
#.# #s# ####.# #.##
..##.# ##.# #....# #.##
####.# ##.# # #.# ##.##
####.####### ##...#
.##........# #....#
.###.#####.# #....#


You could see Crazy Yiuf (berserk, very poisoned).

Vanquished Creatures
  Grinder (D:3)
  A hound (D:3)
  An orc wizard (D:3)
  5 adders
  An adder skeleton (D:3)
  2 worms (D:3)
  4 dart slugs (D:1)
  2 orcs (D:3)
  5 ball pythons
  6 bats
  7 endoplasms
  A giant cockroach (D:1)
  4 goblins
  9 hobgoblins
  6 jackals (D:1)
  7 kobolds
  2 quokkas
  3 frilled lizards (D:2)
  4 rats
71 creatures vanquished.

Vanquished Creatures (others)
  A plant (D:3)
1 creature vanquished.

Grand Total: 72 creatures vanquished

Notes
Turn   | Place    | Note
-------+----------+-------------------------------------------
     0 | D:1      | ChaosChampion the Octopode Transmuter began the quest for
                  | the Orb.
     0 | D:1      | Reached XP level 1. HP: 13/13 MP: 3/3
    24 | D:1      | You fall into a shaft and drop 1 floor!
   185 | D:1      | Reached XP level 2. HP: 18/18 MP: 3/5
   194 | D:1      | Learned a level 2 spell: Wereblood
   345 | D:1      | Found Askaskom's Distillery.
   473 | D:1      | Reached XP level 3. HP: 23/23 MP: 4/6
   600 | D:1      | Found a faded altar of an unknown god.
   961 | D:2      | Learned a level 3 spell: Spider Form
  1019 | D:2      | Reached XP level 4. HP: 28/29 MP: 1/7
  1400 | D:2      | Reached skill level 4 in Unarmed Combat
  1820 | D:3      | Reached XP level 5. HP: 32/34 MP: 5/8
  2104 | D:3      | Found a hide-covered altar of Uskayaw.
  2137 | D:3      | Found an ancient bone altar of Kikubaaqudgha.
  2137 | D:3      | Found a shadowy altar of Dithmenos.
  2225 | D:3      | Noticed Grinder
  2235 | D:3      | Paralysed by Grinder for 2 turns
  2252 | D:3      | Paralysed by Grinder for 2 turns
  2255 | D:3      | Killed Grinder
  2256 | D:3      | Reached skill level 5 in Unarmed Combat
  2256 | D:3      | Reached XP level 6. HP: 20/41 MP: 2/9
  2464 | D:3      | Found a runed translucent door.
  2465 | D:3      | Noticed Crazy Yiuf
  2639 | D:3      | Found a glowing golden altar of the Shining One.
  2810 | D:3      | Slain by Crazy Yiuf

Illustrated notes

Levels and vault maps discovered:
D:1:      onia_arrival_pyramid, layout_rooms, serial_shops, nicolae_square_shop,
          dreamdust_ecumenical_altar_angels_and_demons
D:2:      layout_basic, skrybe_limestone_x
D:3:      layout_loops_cross, nicolae_uskayaw_murder_on_the_dancefloor,
          tso_oasis_becter, mainiacjoe_overflow_divided_tiny,
          mrwooster_statue_mirror, hex_medium, uniq_grinder,
          uniq_crazy_yiuf_cottage

Skill      XL: |  1  2  3  4  5  6 |
---------------+-------------------+-----
Fighting       | 2 3 |  3.0
Unarmed Combat | 4 5 |  5.1
Dodging        | 3 |  3.5
Transmutations | 3 |  3.5
Spellcasting   | |  2.0

Action                   |  1- 3 |  4- 6 || total
-------------------------+-------+-------++-------
Melee: Unarmed           |    67 |   109 ||   176
       Kick              |    17 |     3 ||    20
       Constrict         |    19 |    11 ||    30
       Tentacles         |    14 |     9 ||    23
       Punch             |       |     1 ||     1
 Cast: Beastly Appendage |     9 |     7 ||    16
       Wereblood         |     4 |     2 ||     6
       Spider Form       |     1 |     7 ||     8
 Stab: Sleeping          |     3 |     8 ||    11
Armor: Skin              |     2 |     5 ||     7
Dodge: Dodged            |    36 |    67 ||   103

Table legend: (Time is in decaauts)
 A = Elapsed time spent in this place.
 B = Non-inter-level travel time spent in this place.
 C = Inter-level travel time spent in this place.
 D = Time resting spent in this place.
 E = Time spent auto-exploring this place.
 F = Levels seen in this place.
 G = Mean time per level.
                   A        B        C        D        E       F      G
               +--------+--------+--------+--------+--------+-----+--------+
         Total |   2797 |   2761 |     36 |    150 |   2122 |   3 |  932.3 |
       Dungeon |   2797 |   2761 |     36 |    150 |   2122 |   3 |  932.3 |
               +--------+--------+--------+--------+--------+-----+--------+

Top non-repeatable levels by time:
     D:2: 1077 daAuts
     D:3: 997 daAuts
     D:1: 723 daAuts
